 Dungeon Crawl Stone Soup version 0.30.1-1-g62c8e00024 (webtiles) character file.

Game seed: 902256174718526299

237094 cdecastro the Warrior (level 20, -5/162 HPs)
             Began as a Djinni Fire Elementalist on July 13, 2023.
             Was an Elder of Ashenzari.
             Killed by an exploding ball lightning (11 damage)
             ... on level 2 of the Shoals on July 14, 2023.
             The game lasted 03:16:38 (40867 turns).

cdecastro the Warrior (Djinni Fire Elementalist)   Turns: 40867, Time: 03:16:39

Health: -5/162     AC: 20    Str:  7    XL:     20   Next: 47%
Gold:   390        EV: 30    Int: 32    God:    Ashenzari [****..] SH:  0 Dex: 14

rFire   . . .        b - melded +5 demon blade (vamp)
rCold   . . .        W - melded +0 buckler of the Lashed Empyrean {Self, Evo} (curse)
rNeg    . . .        y - melded +2 animal skin of the Wild Blue Yonder {Self, Fort} (curse)
rPois   ∞            L - melded +1 helmet "Enlightened Doubts" {Dex+2, Self, Fort} (curse)
rElec   +            e - melded scarf {rC+ rF+}
rCorr   .            g - melded +0 pair of gloves "Behold Eternity" {Cun, Self} (curse)
SInv    +            (boots unavailable)
Will    +....        h - amulet "Overhang to Understand" {Regen+, Self, Fort} (curse)
Stlth   ++++         x - ring of willpower
HPRegen 1.27/turn    s - ring of Cremastomancy {Int+6, Fort, Cun} (curse)
MPRegen 0.00/turn

%: clarity, infuse magic (-6 HP)
@: storm-form, weak-willed, flying
A: cleaving, insubstantial, flying, sickness immunity, (fire resistance 2),
(cold vulnerability 1), float, innate caster, HP casting, extra vitality 1
}: 1/15 runes: serpentine
a: Blinkbolt, End Transformation, Renounce Religion, Curse Item, Shatter the
Chains


You were on level 2 of the Shoals.
You worshipped Ashenzari.
Ashenzari was greatly pleased with you.
You were a lightning-filled tempest!
You visited 6 branches of the dungeon, and saw 29 of its levels.
You also visited: Gauntlet and Volcano.

You collected 2874 gold pieces.
You spent 2484 gold pieces at shops.

Inventory:

Hand Weapons
 a - a +6 dagger of venom
 b - a +5 vampiric demon blade (melded)
Missiles
 q - 4 throwing nets
 A - 13 curare-tipped darts
 U - 3 datura-tipped darts
Armour
 e - a scarf of resistance (melded)
 g - the cursed +0 pair of gloves "Behold Eternity" (melded) {Cun, Self}
   (You bought it in a shop on level 6 of the Dungeon)

   It has a curse which improves the following skills: Cunning: Dodging and
   Stealth.
   Introspection: Fighting and Spellcasting.
 j - the +0 helmet of Wu Jian's Whim {rF+ rC+}
   (You bought it in a shop on level 2 of the Orcish Mines)

   rF:        It protects you from fire.
   rC:        It protects you from cold.
 y - the cursed +2 animal skin of the Wild Blue Yonder (melded) {Self, Fort}
   (You took it off Robin on level 4 of the Dungeon)

   It has a curse which improves the following skills: Introspection: Fighting
   and Spellcasting.
   Fortitude: Armour and Shields.
 z - a +2 helmet
 D - a +2 cloak
 L - the cursed +1 helmet "Enlightened Doubts" (melded) {Dex+2, Self, Fort}
   (You found it in a Gauntlet)

   Dex:       It affects your dexterity (+2).
   It has a curse which improves the following skills: Introspection: Fighting
   and Spellcasting.
   Fortitude: Armour and Shields.
 W - the cursed +0 buckler of the Lashed Empyrean (melded) {Self, Evo}
   (You found it on level 12 of the Dungeon)

   It has a curse which improves the following skills: Introspection: Fighting
   and Spellcasting.
   Evocations: Evocations.
Jewellery
 h - the cursed amulet "Overhang to Understand" (around neck) {Regen+, Self, Fort}
   (You bought it in a shop on level 2 of the Orcish Mines)

   [amulet of regeneration]

   Regen:     It increases your rate of health regeneration.
   It has a curse which improves the following skills: Introspection: Fighting
   and Spellcasting.
   Fortitude: Armour and Shields.
 r - a ring of positive energy
 s - the cursed ring of Cremastomancy (right fist) {Int+6, Fort, Cun}
   (You found it on level 3 of the Dungeon)

   [ring of intelligence]

   Int:       It affects your intelligence (+6).
   It has a curse which improves the following skills: Fortitude: Armour and
   Shields.
   Cunning:   Dodging and Stealth.
 x - a ring of willpower (left fist)
 B - a ring of wizardry
 F - a ring of resist corrosion
 I - the ring "Delaho Sino" {rElec rF+ Will+ Dex-5}
   (You found it on level 4 of the Lair of Beasts)

   [ring of willpower]

   Dex:       It affects your dexterity (-5).
   rF:        It protects you from fire.
   rElec:     It insulates you from electricity.
   Will:      It increases your willpower.
Wands
 K - a wand of polymorph (19)
 O - a wand of paralysis (25)
 P - a wand of digging (18)
 S - a wand of roots (20)
 T - a wand of flame (11)
 X - a wand of mindburst (24)
Scrolls
 i - a scroll of blinking
 m - 5 scrolls of poison
 o - 14 scrolls of teleportation
 p - 7 scrolls of fog
 v - 3 scrolls of magic mapping
 H - 5 scrolls of fear
 J - 2 scrolls of silence
 M - a scroll of enchant armour
 R - 4 scrolls of immolation
 Y - 2 scrolls of vulnerability
Potions
 d - 6 potions of heal wounds
 f - 4 potions of cancellation
 k - 4 potions of berserk rage
 n - 4 potions of attraction
 t - a potion of resistance
 u - 3 potions of might
 w - 17 potions of curing
 C - 4 potions of haste
 E - a potion of brilliance
 G - 10 potions of lignification
Miscellaneous
 c - a tin of tremorstones (2/2)
 l - a phial of floods
 Q - a phantom mirror


   Skills:
 - Level 18.6(20.2) Fighting
 - Level 10.5 Long Blades
 - Level 7.8(10.5) Armour
 + Level 15.2(16.9) Dodging
 - Level 7.4(9.3) Stealth
 - Level 4.3(6.8) Shields
 - Level 3.0 Unarmed Combat
 - Level 15.2(16.9) Spellcasting
 - Level 9.8 Evocations


You knew the following spells:

 Your Spells              Type           Power      Damage    Failure   Level
a - Foxfire               Conj/Fire      100%       2x1d9     0%          1
b - Scorch                Fire           100%       2d9       0%          2
c - Volatile Blastmotes   Fire/Tloc      100%       2d18      0%          3
d - Inner Flame           Hex/Fire       94%        N/A       0%          3
e - Flame Wave            Conj/Fire      94%        2d20      0%          4
f - Sting                 Tmut/Pois      100%       1d8       0%          1
g - Wereblood             Tmut           94%        N/A       0%          2
h - Confusing Touch       Hex            94%        N/A       0%          3
i - Dazzling Flash        Conj/Hex       100%       N/A       0%          3
j - Summon Forest         Summ/Tloc      47%        N/A       1%          5
k - Lee's Rapid Deconstr  Erth           47%        3d22*     1%          5
l - Iron Shot             Conj/Erth      47%        9d9       1%          6
m - Storm Form            Tmut/Air       47%        N/A       1%          7
n - Conjure Ball Lightni  Conj/Air       47%        3x3d16    1%          6
Your spell library was empty.

Dungeon Overview and Level Annotations

Branches:
Dungeon (15/15)            Temple (1/1) D:5            Lair (5/5) D:8
 Shoals (2/4) Lair:3        Snake (4/4) Lair:2        Slime (0/5) Lair:5
    Orc (2/2) D:10            Elf (0/3) Orc:2        Vaults (0/5) D:14
 Depths (0/4) D:15        Volcano (visited)         Gauntlet (visited)

Altars:
Ashenzari
Cheibriados
Dithmenos
Elyvilon
Fedhas
Gozag
Hepliaklqana
Makhleb
Nemelex Xobeh
Okawaru
Qazlal
Ru
Trog
Uskayaw
Wu Jian
Xom
Yredelemnul
Zin
The Shining One

Shops:
D:3 [   D:5 =   D:6 !:=[   D:14 [?*[!   Orc:1 *   Orc:2 [*[=(   Snake:1 ==:
Snake:3 [

Annotations:
D:14 2 transporters, Ytheofip's ghost, journeyman FoFi


Innate Abilities, Weirdness & Mutations

You are a lightning-filled tempest!
Your electrical attacks strike out in all directions at once.
You are incredibly evasive.
Your insubstantial body is immune to petrification, constriction, and being set on fire You are flying.
Your armour is entirely melded.
You are incapable of wielding weapons or throwing items.
You are immune to sickness and miasma.
You are immune to poison.
((Your flesh is very heat resistant. (rF++)))
((You are vulnerable to cold. (rC-)))
You float through the air rather than walking.
You learn spells naturally, not from books.
Your magical power is your life essence.
You have superior vitality. (+4 MHP)


Message History

Your ball lightning explodes!
The blast of lightning engulfs the water elemental!
The water elemental resists.
The water elemental is almost destroyed.
The blast of lightning engulfs you. You resist.
* * * LOW HITPOINT WARNING * * *
The blast of lightning engulfs the water elemental!
The water elemental resists.
The water elemental is severely damaged.
Unknown command.
Unknown command.
Casting: Conjure Ball Lightning (mildly dangerous; 1% risk of failure)
Confirm with . or Enter, or press ? or * to list all spells.
You create some ball lightning!
* * * LOW HITPOINT WARNING * * *
3 ball lightnings come into view.
The water elemental closely misses you.
Unknown command.
Unknown command.
Your ball lightning explodes!
The blast of lightning engulfs you! You resist.
* * * LOW HITPOINT WARNING * * *
The blast of lightning engulfs your ball lightning.
Your ball lightning completely resists.
The blast of lightning engulfs the water elemental!
The water elemental resists.
You destroy the water elemental!
The blast of lightning engulfs the water elemental!
The water elemental resists.
The water elemental is almost destroyed.
The blast of lightning engulfs your ball lightning.
Your ball lightning completely resists.
Your ball lightning explodes!
The blast of lightning engulfs the water elemental!
The water elemental resists.
You destroy the water elemental!
The blast of lightning engulfs your ball lightning.
Your ball lightning completely resists.
The blast of lightning engulfs you! You resist.
You die...

~~~.P.P..P~~~~~~)≈≈c~~~~.....~
~
~~~~P~P~~~~~~~~)~~≈~~~~~~.~.~.
≈≈~~~P~~~~~...†~~~~~~~~~~~~~~~
~~~
..P^.~~~##.~~~~~≈≈≈≈~~~~~~~ ~
PPPPP~~P...~~~~~≈≈≈≈≈~~~~~≈ ~~
~~##PP~~~~~~~~~~~≈≈≈≈≈≈~~~~≈≈
~ ,##~~~~~~~~~~~≈≈≈≈≈≈≈≈≈≈≈≈≈
~ ,.~~~~~~~~~~~≈≈≈≈≈≈≈≈≈≈≈≈≈
~~ ~~~~~~~~v~*≈≈≈≈≈≈≈≈≈≈≈≈≈≈
~~~ ~~~~~≈≈≈≈≈≈§≈≈≈≈≈≈≈≈≈≈≈≈≈≈
~ ~~~~≈≈≈≈≈≈≈≈≈≈≈≈≈≈≈≈≈≈≈≈≈≈≈
~ ~~ ~
≈≈≈≈≈≈≈≈≈≈≈≈≈≈≈≈≈≈≈≈≈≈≈≈ ~ ~~
≈≈≈≈≈≈≈≈≈≈≈≈≈≈≈≈≈≈≈≈≈≈≈≈ ~
≈≈≈≈≈≈≈≈≈≈≈≈≈≈≈≈≈≈≈≈≈≈≈≈ ~ ~
########################


You could see a friendly ball lightning.

Vanquished Creatures
  Vashnia (Snake:3)
  Mlioglotl (Snake:2)
  Asterion (Snake:3)
  A kraken (Shoals:1)
  Agnes (Snake:2)
  Donald (Snake:4)
  Aizul (Snake:4)
  9 nagarajas
  2 orc warlords
  A deep elf demonologist (Shoals:1)
  A minotaur (Gauntlet)
  An ettin (D:14)
  2 fire dragons
  The ghost of turdburglar the Grappler, a journeyman TrFi of Wu Jian (D:10)
  A rakshasa (D:12)
  An ogre mage (D:14)
  3 catoblepae
  6 salamander tyrants
  8 hydras
  3 centaur warriors
  A satyr (Shoals:2)
  9 anacondas
  2 merfolk aquamancers
  2 two-headed ogres
  7 boulder beetles
  4 death yaks
  Urug (Orc:2)
  26 naga warriors
  7 shock serpents
  Nergalle (Orc:2)
  An orc high priest (Orc:2)
  6 naga sharpshooters
  A deep elf knight (Shoals:1)
  2 fire crabs (Lair:4)
  16 sea snakes
  13 skeletal warriors
  4 skysharks
  9 naga ritualists
  11 salamander mystics
  2 deep trolls (D:15)
  A swamp dragon (Lair:5)
  A deep elf archer (Shoals:1)
  3 deep elf pyromancers
  2 orc knights (Orc:2)
  5 harpies (Shoals:1)
  A wizard (D:15)
  8 lindwurms
  29 mana vipers
  A deep elf zephyrmancer (Shoals:1)
  4 orc sorcerers
  A wolf spider (Lair:5)
  4 cyclopes
  4 oklob plants (Lair:5)
  An ugly thing (D:11)
  4 manticores
  6 fauns (Shoals:1)
  11 elephants
  4 merfolk sirens
  2 slime creatures (D:12)
  37 black mambas
  30 salamanders
  14 guardian serpents
  31 naga magi
  An eye of devastation (Gauntlet)
  A water nymph (Shoals:2)
  3 torpor snails
  An unseen horror (D:11)
  Joseph (D:7)
  A gargoyle (D:12)
  4 kobold demonologists
  20 cane toads
  4 rime drakes
  11 komodo dragons
  4 centaur skeletons (D:14)
  An efreet (Gauntlet)
  4 yaktaurs
  2 tengu conjurers (D:15)
  6 trolls
  A wind drake (Shoals:1)
  3 polar bears
  4 merfolk
  Grinder (D:4)
  2 hornets
  22 blink frogs
  9 dream sheep
  3 flying skulls (Gauntlet)
  A shadow (D:7)
  7 wraiths
  5 water elementals
  15 wyverns
  2 fire elementals (Gauntlet)
  30 yaks
  6 basilisks
  4 steam dragons (Volcano)
  2 golden eyes (Gauntlet)
  2 redbacks (Lair:5)
  8 vampire mosquitoes
  3 wargs
  62 nagas
  3 hell hounds
  Duvessa (D:5)
  25 water moccasins
  6 acid dragons
  24 orc warriors
  3 swamp drakes (Lair:5)
  3 sky beasts
  2 black bears
  23 wolves
  6 centaurs
  9 ogres
  3 kobold brigands (D:14)
  19 bullfrogs
  9 wights (D:8)
  Dowan (D:5)
  7 killer bees
  2 howler monkeys
  16 electric eels
  9 hounds
  20 orc priests
  A jelly (D:5)
  The ghost of bronco the Conjurer, a weakling FeCj (D:4)
  7 iguanas
  A sleepcap (D:5)
  20 orc wizards
  Robin (D:4)
  4 adders
  7 gnolls
  12 river rats (D:7)
  2 white imps
  An ufetubus (D:6)
  4 worms
  71 orcs
  8 ball pythons
  2 bats (D:1)
  4 endoplasms
  5 giant cockroaches
  12 goblins
  12 hobgoblins
  2 jackals (D:3)
  11 kobolds
  6 quokkas
  4 frilled lizards
  14 rats
1034 creatures vanquished.

Vanquished Creatures (collateral kills)
  A deep elf annihilator (Shoals:1)
  2 centaur warriors (D:15)
  A death knight (D:15)
  A two-headed ogre (D:12)
  A naga warrior (Snake:3)
  A naga sharpshooter (Snake:4)
  A deep elf knight (Shoals:1)
  2 skeletal warriors (D:11)
  A deep troll (D:15)
  A necromancer (D:15)
  A deep elf pyromancer (Shoals:1)
  An orc knight (D:15)
  A deep elf zephyrmancer (Shoals:1)
  A mana viper (Snake:3)
  5 elephants
  2 black mambas
  2 guardian serpents (Snake:4)
  A kobold demonologist (D:10)
  A rime drake (Lair:3)
  2 hornets (Lair:5)
  6 dream sheep (Lair:5)
  4 blink frogs
  5 slime creatures
  A shadow (D:12)
  A vampire (D:11)
  15 yaks
  13 nagas
  An acid dragon (D:11)
  2 orc warriors
  2 swamp drakes (Lair:1)
  3 wolves (Lair:1)
  2 kobold brigands
  3 killer bees (D:10)
  An electric eel (Lair:4)
  2 orc wizards
  15 orcs
  A kobold (D:11)
  A ball lightning (Shoals:1)
  A foxfire (Lair:2)
108 creatures vanquished.

Vanquished Creatures (others)
  A naga warrior (Snake:4)
  150 ball lightnings
  1071 foxfires
  4 snaplasher vines
1226 creatures vanquished.

Grand Total: 2368 creatures vanquished

Notes
Turn   | Place    | Note
-------+----------+-------------------------------------------
     0 | D:1      | cdecastro the Djinni Fire Elementalist began the quest for
                  | the Orb.
     0 | D:1      | cdecastro set off with the following spells memorised:
                  | Foxfire, Scorch, Volatile Blastmotes, Inner Flame, Flame
                  | Wave.
     0 | D:1      | Reached XP level 1. HP: 15/15 MP: 0/0
   108 | D:1      | Reached XP level 2. HP: 20/22 MP: 0/0
   255 | D:1      | Reached skill level 1 in Fighting
   497 | D:1      | Reached XP level 3. HP: 27/27 MP: 0/0
   497 | D:1      | Learned a level 1 spell: Sting
   728 | D:2      | Noticed an ogre
   735 | D:2      | Killed an ogre
   736 | D:2      | Reached skill level 2 in Fighting
   736 | D:2      | Reached XP level 4. HP: 27/33 MP: 0/0
   736 | D:2      | Reached XP level 5. HP: 32/38 MP: 0/0
   736 | D:2      | Learned a level 2 spell: Wereblood
  1354 | D:2      | Found a faded altar of an unknown god.
  2176 | D:3      | Reached XP level 6. HP: 45/45 MP: 0/0
  2381 | D:3      | Found Jiakuat's Armour Shoppe.
  2575 | D:4      | Found a runed translucent gate.
  2575 | D:4      | Found a runed translucent gate.
  2575 | D:4      | Found a runed translucent gate.
  2575 | D:4      | Noticed bronco's ghost (weakling FeCj)
  2969 | D:4      | Noticed Robin
  2975 | D:4      | Killed Robin
  2976 | D:4      | Reached skill level 3 in Fighting
  3049 | D:4      | Noticed Grinder
  3058 | D:4      | Killed Grinder
  3059 | D:4      | Reached skill level 5 in Spellcasting
  3059 | D:4      | Reached XP level 7. HP: 30/51 MP: 0/0
  3059 | D:4      | Learned a level 3 spell: Confusing Touch
  3227 | D:5      | Entered Level 5 of the Dungeon
  3235 | D:5      | Found Ybif's Jewellery Emporium.
  3261 | D:5      | Found a staircase to the Ecumenical Temple.
  3270 | Temple   | Entered the Ecumenical Temple
  3421 | Temple   | Became a worshipper of Ashenzari the Shackled
  3464 | D:5      | Reached skill level 4 in Fighting
  3880 | D:5      | Found a glowing golden altar of the Shining One.
  4138 | D:5      | Noticed Dowan
  4141 | D:5      | Noticed Duvessa
  4178 | D:5      | Killed Dowan
  4179 | D:5      | Reached XP level 8. HP: 31/58 MP: 0/0
  4180 | D:5      | Killed Duvessa
  4567 | D:6      | Reached skill level 5 in Fighting
  4717 | D:6      | Found Foonkon's Book Boutique.
  4827 | D:6      | Found Tiatwiuj's Jewellery Emporium.
  5018 | D:6      | Found Silot's Distillery.
  5023 | D:6      | Bought a potion of cancellation for 96 gold pieces
  5023 | D:6      | Bought a potion of lignification for 36 gold pieces
  5201 | D:6      | Reached XP level 9. HP: 61/66 MP: 0/0
  5201 | D:6      | Learned a level 3 spell: Dazzling Flash
  5377 | D:6      | Found Koakuoc's Armour Shoppe.
  5483 | D:7      | Noticed Joseph
  5530 | D:7      | Killed Joseph
  5531 | D:7      | Reached skill level 6 in Fighting
  5916 | D:7      | Reached * piety under Ashenzari
  6218 | D:7      | Identified the ring "Koruneol" {rF++ Str+6 Int+2 Dex+6}
  6315 | D:7      | Found a blossoming altar of Fedhas.
  6405 | D:7      | Reached ** piety under Ashenzari
  6660 | D:7      | Found an opulent altar of Gozag.
  6871 | D:7      | Identified the Monograph on the Band and Envenoming
  6942 | D:7      | Reached skill level 7 in Fighting
  7157 | D:8      | Reached *** piety under Ashenzari
  7339 | D:8      | Reached skill level 1 in Armour
  7339 | D:8      | Reached XP level 10. HP: 70/79 MP: 0/0
  7656 | D:6      | Bought a +0 pair of gloves for 45 gold pieces
  7741 | D:8      | Noticed a kobold demonologist
  7760 | D:8      | Noticed a rust devil
  7765 | D:8      | Killed a kobold demonologist
  8015 | D:8      | Reached skill level 8 in Fighting
  8105 | D:8      | Reached skill level 5 in Armour
  8256 | D:8      | Found a staircase to the Lair.
  9107 | D:9      | Noticed a kobold demonologist
  9119 | D:9      | Killed a kobold demonologist
  9330 | D:9      | Reached skill level 9 in Fighting
  9330 | D:9      | Reached skill level 1 in Evocations
  9330 | D:9      | Reached XP level 11. HP: 77/87 MP: 0/0
  9330 | D:9      | Learned a level 5 spell: Summon Forest
  9589 | D:10     | Entered Level 10 of the Dungeon
  9619 | D:10     | Reached XP level 12. HP: 95/95 MP: 0/0
  9784 | D:10     | Noticed turdburglar's ghost (journeyman TrFi)
  9807 | D:10     | Found a runed translucent door.
 10537 | D:10     | Found a staircase to the Orcish Mines.
 10684 | D:10     | Noticed a sun demon
 10994 | D:11     | Noticed a boulder beetle
 11008 | D:11     | Killed a boulder beetle
 11009 | D:11     | Reached skill level 5 in Stealth
 11204 | D:11     | Noticed a skeletal warrior
 11205 | D:11     | Noticed a skeletal warrior
 11206 | D:11     | Noticed a skeletal warrior
 11219 | D:11     | Killed a skeletal warrior
 11219 | D:11     | Killed a skeletal warrior
 11220 | D:11     | Reached skill level 10 in Fighting
 11232 | D:11     | Killed a skeletal warrior
 11242 | D:11     | Noticed a skeletal warrior
 11252 | D:11     | Killed a skeletal warrior
 11325 | D:11     | Noticed a boulder beetle
 11344 | D:11     | Killed a boulder beetle
 11533 | D:11     | Noticed a two-headed ogre
 11544 | D:11     | Killed a two-headed ogre
 11838 | D:11     | Reached **** piety under Ashenzari
 11928 | D:12     | Reached XP level 13. HP: 101/106 MP: 0/0
 11928 | D:12     | Learned a level 5 spell: Lee's Rapid Deconstruction
 12580 | D:12     | Reached skill level 11 in Fighting
 12709 | D:12     | Reached ***** piety under Ashenzari
 13086 | D:12     | Found a shadowy altar of Dithmenos.
 13204 | D:12     | Reached skill level 1 in Long Blades
 13319 | D:12     | Noticed a rakshasa
 14743 | D:14     | Found Goet's Antique Armour Shoppe.
 14803 | D:14     | Found Sogebiuc's Antique Armour Shop.
 14820 | D:14     | Found a transporter.
 14848 | D:14     | Found a transporter.
 14877 | D:14     | Noticed Ytheofip's ghost (journeyman FoFi)
 14877 | D:14     | Identified the +0 pair of gloves of the Albatross {rN+
                  | Str+4 Int+4}
 14972 | D:14     | Reached skill level 5 in Long Blades
 15149 | D:14     | Noticed a four-headed hydra
 15152 | D:14     | Killed a four-headed hydra
 15201 | D:14     | Noticed a centaur warrior
 15203 | D:14     | Killed a centaur warrior
 15407 | D:14     | Found Naoshraf's General Store.
 15444 | D:14     | Noticed an eight-headed hydra
 15446 | D:14     | Killed an eight-headed hydra
 15447 | D:14     | Reached skill level 12 in Fighting
 15477 | D:14     | Found Enioziacvi's Magic Scroll Shoppe.
 15480 | D:14     | Bought a scroll of enchant armour for 120 gold pieces
 15910 | D:14     | Found Hugi's Distillery.
 16117 | D:14     | Noticed an ogre mage
 16120 | D:14     | Killed an ogre mage
 16121 | D:14     | Reached XP level 14. HP: 110/121 MP: 0/0
 16301 | D:14     | Reached skill level 1 in Shields
 16388 | D:14     | Found a gate to the Vaults.
 16414 | D:15     | Entered Level 15 of the Dungeon
 17614 | D:15     | Reached skill level 13 in Fighting
 17790 | D:15     | Found a staircase to the Depths.
 17833 | D:15     | Reached skill level 10 in Spellcasting
 18414 | D:4      | Killed bronco's ghost
 18532 | D:10     | Killed turdburglar's ghost
 18618 | Orc:1    | Entered Level 1 of the Orcish Mines
 18618 | Orc:1    | Noticed an orc warlord
 18692 | Lair:1   | Entered Level 1 of the Lair of Beasts
 18772 | Lair:1   | Found a gate leading to a gauntlet.
 18784 | Gauntlet | Entered a Gauntlet
 18784 | Gauntlet | Found a transporter.
 18870 | Gauntlet | Found a transporter.
 18885 | Gauntlet | Found a transporter.
 18890 | Gauntlet | Found a transporter.
 18905 | Gauntlet | Found a transporter.
 18923 | Gauntlet | Identified the +1 pair of gloves of Yesterday {Harm rC+++
                  | Str+3 Dex-2}
 18924 | Gauntlet | Found a transporter.
 18932 | Gauntlet | Noticed a dire elephant
 18936 | Gauntlet | Found a transporter.
 18942 | Gauntlet | Found a transporter.
 18957 | Gauntlet | Found a transporter.
 18967 | Gauntlet | Identified the +3 helmet of Hangman {Int+2 Dex+4 Stlth-}
 18969 | Gauntlet | Found a transporter.
 18975 | Gauntlet | Found a transporter.
 18993 | Gauntlet | Found a transporter.
 19007 | Gauntlet | Found a transporter.
 19019 | Gauntlet | Identified the ring "Mirph" {rElec AC+4 Stlth+}
 19025 | Gauntlet | Found a transporter.
 19027 | Gauntlet | Found a transporter.
 19027 | Gauntlet | Identified the +1 helmet of Purpose {Dex+2}
 19029 | Gauntlet | Found a runed translucent gate.
 19029 | Gauntlet | Found a runed translucent gate.
 19029 | Gauntlet | Found a runed translucent gate.
 19032 | Gauntlet | Found a large runed translucent door.
 19032 | Gauntlet | Found a large runed translucent door.
 19032 | Gauntlet | Found a large runed translucent door.
 19032 | Gauntlet | Found a large runed translucent door.
 19035 | Gauntlet | Found a large runed translucent door.
 19035 | Gauntlet | Found a large runed translucent door.
 19036 | Gauntlet | Found a large runed translucent door.
 19036 | Gauntlet | Found a large runed translucent door.
 19039 | Gauntlet | Found a large runed translucent door.
 19039 | Gauntlet | Found a large runed translucent door.
 19039 | Gauntlet | Found a runed translucent door.
 19039 | Gauntlet | Found a runed translucent door.
 19040 | Gauntlet | Found a large runed translucent door.
 19041 | Gauntlet | Found a large runed translucent door.
 19050 | Gauntlet | Found a large runed translucent door.
 19050 | Gauntlet | Found a large runed translucent door.
 19051 | Gauntlet | Found a large runed translucent door.
 19052 | Gauntlet | Found a large runed translucent door.
 19052 | Gauntlet | Found a transporter.
 19054 | Gauntlet | Found a transporter.
 19448 | Gauntlet | Found a transporter.
 19893 | Gauntlet | Noticed a minotaur
 19912 | Gauntlet | Killed a minotaur
 20341 | Lair:1   | Reached XP level 15. HP: 122/129 MP: 0/0
 20341 | Lair:1   | Learned a level 6 spell: Iron Shot
 20444 | Lair:1   | Identified the +1 leather armour of Isur {rPois Will+ Int-5
                  | Dex+2}
 21489 | Lair:2   | Found a staircase to the Snake Pit.
 21583 | Lair:2   | Reached skill level 14 in Fighting
 22112 | Lair:3   | Found a staircase to the Shoals.
 23749 | Lair:4   | Found a dark tunnel.
 23761 | Volcano  | Entered a volcano
 24856 | Lair:4   | Reached XP level 16. HP: 104/139 MP: 0/0
 25183 | Lair:4   | Identified the ring "Delaho Sino" {rElec rF+ Will+ Dex-5}
 25191 | Lair:4   | Reached skill level 10 in Long Blades
 25428 | Lair:4   | Identified the Treatise on the Supportive Gestalt
 26455 | Lair:5   | Entered Level 5 of the Lair of Beasts
 26802 | Lair:5   | Found a staircase to the Slime Pits.
 27081 | Lair:5   | Reached skill level 5 in Dodging
 28597 | Lair:5   | Reached XP level 17. HP: 138/144 MP: 0/0
 28597 | Lair:5   | Learned a level 7 spell: Storm Form
 28630 | Lair:5   | Identified the +5 spear of Zocib {heavy, Dex+3}
 28882 | Lair:5   | Identified the cursed +0 cloak "Share My Failure" {Evo,
                  | Cun} (You found it on level 2 of the Dungeon)
 28882 | Lair:5   | Identified the cursed +0 buckler of the Lashed Empyrean
                  | {Self, Evo} (You found it on level 12 of the Dungeon)
 28882 | Lair:5   | Identified the cursed +2 animal skin of the Wild Blue
                  | Yonder {Self, Fort} (You took it off Robin on level 4 of
                  | the Dungeon)
 30472 | Orc:1    | Found Nakualug's General Store.
 30710 | Orc:2    | Entered Level 2 of the Orcish Mines
 30737 | Orc:2    | Reached skill level 1 in Unarmed Combat
 30813 | Orc:2    | Found Kuaf Fie's Antique Armour Shop.
 30942 | Orc:2    | Found a staircase to the Elven Halls.
 31390 | Orc:2    | Noticed Urug
 31426 | Orc:2    | Noticed Nergalle
 31437 | Orc:2    | Killed Nergalle
 31440 | Orc:2    | Killed Urug
 31602 | Orc:2    | Found Qounem's Jewellery Shop.
 31609 | Orc:2    | Bought an amulet of regeneration for 330 gold pieces
 31635 | Orc:2    | Found Ynkigg's General Store.
 31650 | Orc:2    | Found Kotef's Antique Armour Shop.
 31719 | Orc:2    | Found Jufuank's Antique Weapon Shop.
 31944 | Orc:2    | Bought a distressingly furry helmet for 266 gold pieces
 31944 | Orc:2    | Identified the +0 helmet of Wu Jian's Whim {rF+ rC+} (You
                  | bought it in a shop on level 2 of the Orcish Mines)
 31962 | Orc:2    | Bought the +5 Storm Queen's Shield {shock, Fly rElec} for
                  | 775 gold pieces
 31962 | Orc:2    | Found the +5 Storm Queen's Shield {shock, Fly rElec}
 31962 | Orc:2    | Bought a scroll of magic mapping for 127 gold pieces
 32001 | Orc:2    | Bought a pair of glowing gloves for 202 gold pieces
 32001 | Orc:2    | Bought an embroidered cloak for 202 gold pieces
 32168 | Snake:1  | Entered Level 1 of the Snake Pit
 32249 | Snake:1  | Identified a scroll of acquirement
 32264 | Snake:1  | Acquired a +3 demon blade of venom
 33159 | Snake:1  | Found Dophyv's Book Boutique.
 33159 | Snake:1  | Found Dukod's Jewellery Emporium.
 33160 | Snake:1  | Found Silerywo's Jewellery Emporium.
 33342 | Snake:2  | Reached XP level 18. HP: 136/136 MP: 0/0
 33417 | Snake:2  | Reached skill level 15 in Spellcasting
 33419 | Snake:2  | Noticed Mlioglotl
 33425 | Snake:2  | Killed Mlioglotl
 34150 | Snake:2  | Reached skill level 10 in Dodging
 34262 | Snake:2  | Noticed Agnes
 34287 | Snake:2  | HP: 5/136 [Agnes/+0 lajatang (7)]
 34295 | Snake:2  | Killed Agnes
 34668 | Snake:3  | Noticed Asterion
 34674 | Snake:3  | Killed Asterion
 35020 | Snake:3  | Reached skill level 15 in Fighting
 35257 | Snake:3  | Identified the +0 ring mail "Xoerch" {rC+ Will- MP+9 Dex+4}
 35376 | Snake:3  | Reached skill level 16 in Fighting
 35378 | Snake:3  | Reached XP level 19. HP: 83/150 MP: 0/0
 35378 | Snake:3  | Learned a level 6 spell: Conjure Ball Lightning
 35550 | Snake:3  | Found a sacrificial altar of Ru.
 35703 | Snake:3  | Upgraded the game from 0.30.1 to 0.30.1-1-g62c8e00024
 35773 | Snake:3  | Found Nolaqow's Antique Armour Shoppe.
 35782 | Snake:3  | Bought a pair of runed gloves for 285 gold pieces
 35791 | Snake:3  | Noticed Vashnia
 37064 | Snake:3  | Killed Vashnia
 37065 | Snake:3  | Reached skill level 17 in Fighting
 37138 | Snake:4  | Entered Level 4 of the Snake Pit
 37575 | Snake:4  | Found an iron altar of Okawaru.
 37903 | Snake:4  | Noticed Donald
 37910 | Snake:4  | Killed Donald
 37994 | Snake:4  | Reached skill level 18 in Fighting
 37994 | Snake:4  | Noticed Aizul
 38015 | Snake:4  | Killed Aizul
 38688 | Snake:4  | Reached XP level 20. HP: 137/162 MP: 0/0
 39198 | Snake:4  | Got a serpentine rune of Zot
 39519 | Shoals:1 | Entered Level 1 of the Shoals
 40847 | Shoals:2 | Reached skill level 15 in Dodging
 40867 | Shoals:2 | HP: 6/162 [spore (12)]
 40867 | Shoals:2 | Killed by an exploding ball lightning

Illustrated notes

Levels and vault maps discovered:
D:1:      minmay_arrival_three_doors, layout_rooms, minmay_misc_feat_pillars
D:2:      layout_loops_corners, hellmonk_ecumenical_altar_run_dry
D:3:      layout_loops_ring, serial_shops, nicolae_shop_tiny_real_fake_doors
D:4:      layout_gridville, ebering_ghost_rock_garden, uniq_robin, uniq_grinder
D:5:      layout_loops_corners, gammafunk_temple_overflow_wave,
          minmay_temple_entry_overgrown, serial_shops, shop, uniq_duvessa
D:6:      layout_basic, serial_shops, nicolae_shop_peninsula,
          nicolae_shop_peninsula, nicolae_shop_waterfront, nicolae_diamond_shop
D:7:      layout_layer_cave, nicolae_overflow_hidden_temple, fedhas_altar_1,
          dk_rats_in_the_wall, uniq_joseph
D:8:      layout_cave_pods, erik_lair_island
D:9:      layout_basic
D:10:     layout_irregular_city, david_orc_5, hellmonk_ghost_happy_afterlife,
          feat_on_display
D:11:     layout_cave_pools
D:12:     layout_loops_cross, grunt_dithmenos_smoke_and_mirrors
D:13:     layout_stronghold
D:14:     layout_loops_ring, hangedman_vaults_entry_quadrant_bands,
          serial_shops, shop, nicolae_shop_crystal, shop, kennysheep_mini_moat,
          nicolae_shop_trees, nicolae_two_hexagons,
          gammafunk_ghost_berserking_beasts, bh_walls_and_bars
D:15:     hangedman_depths_entry_civil_slaughter, layout_irregular_city
Temple:   regret_index_temple_mists
Lair:1:   layout_gridlike, gauntlet_entry_generic, minivault_23, pond
Lair:2:   layout_misc_corridors, guppyfry_snake_entry_garden,
          infiniplex_staircase_pool, grunt_megastairs_3
Lair:3:   layout_cave_pods, shoals_dummy_entry, minmay_shattered_shrine,
          infiniplex_staircase_pool_2
Lair:4:   nzn_winding_woodlands_huge [nzn_winding_woodlands_5x15_eye,
          nzn_winding_woodlands_5x15_pockets,
          nzn_winding_woodlands_5x15_river_crossing,
          nzn_winding_woodlands_5x15_pathside_ponds,
          nzn_winding_woodlands_5x15_sawtooth,
          nzn_winding_woodlands_5x15_lazy_stream,
          nzn_winding_woodlands_5x15_longhouse, nzn_winding_woodlands_5x15_pool,
          nzn_winding_woodlands_5x15_zeroes, nzn_winding_woodlands_5x15_crooked,
          nzn_winding_woodlands_center_lodge,
          nzn_winding_woodlands_center_triple_pond,
          nzn_winding_woodlands_15x15_eel_pit], layout_gridlike,
          nicolae_volcano_entry_lava_flow
Lair:5:   hangedman_lair_tendril_chambers, layout_misc_corridors,
          guppyfry_lair_end_dragon, minmay_slime_entry_oklob_open
Shoals:1: nicolae_shoals_deep_elves_summer_vacation, layout_shoals,
          nicolae_shoals_arrival_archipelago
Shoals:2: layout_shoals, serial_shops, nicolae_shop_advertising_works
          [nicolae_subvault_shop_adworks], uniq_frances
Snake:1:  nicolae_snake_hallway, layout_rooms, guppyfry_library_mini,
          minmay_shop_grove
Snake:2:  layout_gridlike, uniq_agnes, uniq_mlioglotl
Snake:3:  layout_rooms, serial_bayou, serial_bayou_crossing,
          serial_bayou_pond_d, serial_bayou_ford_a, serial_bayou_shore_b,
          serial_bayou_pond_b, serial_bayou_lake_a, basic_altar, serial_shops,
          shop, nicolae_snake_mages_go_home, uniq_vashnia, uniq_asterion
Snake:4:  snake_hunt, layout_layer_cave, basic_altar, lemuel_fruit_tree,
          grunt_megastairs_2, uniq_donald, uniq_aizul
Orc:1:    layout_caves, serial_shops, nicolae_shop_tiny_glass
Orc:2:    grunt_orc_cross, layout_diamond_mine, serial_shops, shop

Skill      XL: |  1  2  3  4  5  6  7  8  9 10 11 12 13 14 15 16 17 18 19 20 |
---------------+-------------------------------------------------------------+-----
Fighting       | 1 2 3 4 5 7 9 10 12 13 14 16 18 | 18.6
Spellcasting   | 3 4 5 7 8 9 10 11 13 14 15 | 15.2
Dodging        | 3 7 8 11 12 15 | 15.2
Armour         | 1 7 |  7.8
Evocations     | 1 9 |  9.8
Stealth        | 6 7 |  7.4
Long Blades    | 6 7 9 10 | 10.5
Shields        | 4 |  4.3
Unarmed Combat | 3 |  3.0

Action                     |  1- 3 |  4- 6 |  7- 9 | 10-12 | 13-15 | 16-18 | 19-21 || total
---------------------------+-------+-------+-------+-------+-------+-------+-------++-------
  Melee: Unarmed           |     7 |       |       |       |       |   522 |   131 ||   660
         Dagger            |     3 |     1 |    14 |    11 |    84 |   147 |     4 ||   264
         Scimitar          |       |       |       |       |    11 |     6 |       ||    17
         Punch             |       |       |       |       |       |    18 |     6 ||    24
         Demon blade       |       |       |       |       |       |    13 |    63 ||    76
   Cast: Foxfire           |    56 |    88 |   141 |   129 |   200 |     1 |       ||   615
         Scorch            |     2 |    28 |    47 |   105 |   122 |     1 |       ||   305
         Confusing Touch   |       |       |     2 |     3 |     5 |       |       ||    10
         Inner Flame       |       |       |     3 |     2 |     5 |     1 |       ||    11
         Flame Wave        |       |       |     1 |     7 |     5 |       |       ||    13
         Wereblood         |       |       |     1 |       |       |     1 |       ||     2
         Summon Forest     |       |       |       |    17 |    23 |     9 |     4 ||    53
         Lee's Rapid Decon |       |       |       |       |    90 |    20 |       ||   110
         Iron Shot         |       |       |       |       |    86 |   194 |    70 ||   350
         Storm Form        |       |       |       |       |       |    31 |    25 ||    56
         Conjure Ball Ligh |       |       |       |       |       |       |    58 ||    58
 Invoke: Curse Item        |       |       |     4 |     2 |     2 |     1 |       ||     9
         Shatter the Chain |       |       |       |       |     1 |     2 |       ||     3
Ability: Blinkbolt         |       |       |       |       |       |    16 |     6 ||    22
  Evoke: Wand              |       |       |       |       |     1 |       |       ||     1
    Use: Potion            |       |       |       |     1 |     1 |     1 |       ||     3
         Scroll            |       |       |       |       |     1 |     2 |     7 ||    10
   Stab: Sleeping          |       |       |     1 |       |    19 |    12 |     1 ||    33
         Confused          |       |       |       |       |     4 |       |       ||     4
         Invisible         |       |       |       |       |     4 |       |       ||     4
         Distracted        |       |       |       |       |     1 |     5 |     2 ||     8
 Armour: Robe              |     3 |     1 |       |       |       |       |       ||     4
         Animal skin       |       |       |     7 |    26 |    38 |    26 |     9 ||   106
         Skin              |       |       |       |       |       |   120 |    49 ||   169
  Dodge: Dodged            |    18 |     4 |    19 |    74 |   108 |   710 |   308 ||  1241
  Block: Buckler           |       |       |       |       |    53 |    52 |    28 ||   133
